 Dungeon Crawl Stone Soup version 0.20-a0-1124-g2e29d97 (webtiles) character file.

211 Ijustatesigmund the Conjurer (level 5, 0/46 HPs)
             Began as a Draconian Conjurer on May 16, 2017.
             Killed from afar by an orc wizard (9 damage)
             ... with a puff of flame
             ... on level 2 of the Dungeon.
             The game lasted 00:10:06 (2692 turns).

Ijustatesigmund the Conjurer (Draconian Conjurer)   Turns: 2692, Time: 00:10:07

Health: 0/46       AC:  5    Str: 11    XL:     5   Next: 57%
Magic:  1/10       EV: 12    Int: 16    God:
Gold:   59         SH:  0    Dex: 11    Spells: 5/11 levels left

rFire    . . .     SeeInvis .   l - +5 short sword
rCold    . . .     Gourm    .   (no shield)
rNeg     . . .     Faith    .   (armour unavailable)
rPois    .         Spirit   .   (helmet restricted)
rElec    .         Reflect  .   (no cloak)
rCorr    .         Harm     .   (no gloves)
MR       .....                  (no boots)
Stlth    ++........             c - amulet of inaccuracy (curse)
Regen    0.2/turn               (no ring)
MPRegen  0.2/turn               (no ring)

@: very slightly contaminated
A: unfitting armour, cold-blooded, AC +5
a: no special abilities


You were on level 2 of the Dungeon.
You were hungry.

You visited 1 branch of the dungeon, and saw 4 of its levels.

You collected 59 gold pieces.

Inventory:

Hand Weapons
 g - a +3 whip of pain
 l - a +5 short sword (weapon)
 n - a cursed -2 flail
Missiles
 i - 7 javelins of penetration (quivered)
 k - 5 javelins
Jewellery
 c - a cursed amulet of inaccuracy (around neck)
Scrolls
 m - 2 scrolls of identify
 o - a scroll of recharging
Potions
 d - a potion of haste
 e - a potion of brilliance
 f - a potion of ambrosia
Books
 a - a book of Conjurations

   Spells                             Type                      Level
   a - Magic Dart                     Conjuration                  1
   b - Searing Ray                    Conjuration                  2
   c - Dazzling Spray                 Conjuration/Hexes            3
   d - Fulminant Prism                Conjuration/Hexes            4
   e - Force Lance                    Conjuration/Translocation    4
   f - Iskenderun's Mystic Blast      Conjuration                  4
Comestibles
 b - 2 bread rations
 h - 2 royal jellies
 p - a meat ration


   Skills:
 + Level 3.8 Fighting
 + Level 2.1 Short Blades
 - Level 1.7 Dodging
 - Level 1.7 Stealth
 + Level 3.5 Spellcasting
 - Level 4.0 Conjurations


You had 5 spell levels left.
You knew the following spells:

 Your Spells              Type           Power        Failure   Level  Hunger
a - Magic Dart            Conj           ###.         3%          1    None
b - Searing Ray           Conj           ###...       5%          2    ##.....
c - Dazzling Spray        Conj/Hex       #.....       24%         3    ###....


Dungeon Overview and Level Annotations

Branches:
Dungeon (4/15)
 Temple: D:4-7

Altars:
Nemelex Xobeh
Yredelemnul

Annotations:
D:3 Robin


Innate Abilities, Weirdness & Mutations

Your plain brown scales are hard. (AC +5)
You cannot fit into any form of body armour.
You are cold-blooded and may be slowed by cold attacks.


Message History

The orc wizard closely misses you.
You hit the orc wizard.
Your tail-slap misses the orc wizard.
The orc wizard is lightly wounded.
The orc wizard hits you with a dagger.
* * * LOW HITPOINT WARNING * * *
The goblin misses you.
Okay, then.
Casting: Dazzling Spray
Confirm with . or Enter, or press ? or * to list all spells.
Aiming: Dazzling Spray
Press: ? - help, Shift-Dir - straight line, f/p - orc wizard
Aim: an orc wizard, wielding a dagger and wearing a robe (lightly wounded, fast)
The spray of energy misses the orc wizard.
The orc wizard hits you with a dagger.
* * * LOW HITPOINT WARNING * * *
The goblin hits you.
* * * LOW HITPOINT WARNING * * *
The orc wizard gestures at you while chanting.
The puff of flame hits you!
You die...

###### ##### #....#
#####...# #....# #...#...#
#....###...#...######
######...@................
#.......g.o...............
###.###.#.############...#
#.#.#.......# #...#
#..<#.......#########...
#####..............##...
#................##...
#.#..............##...
#.#.#.####.......##...


You could see an orc wizard and a goblin.

Vanquished Creatures
  3 orc priests (D:3)
  Jessica (D:3)
  A gnoll (D:4)
  An adder (D:2)
  2 worms (D:2)
  5 dart slugs
  A leopard gecko (D:2)
  5 orcs
  A ball python (D:2)
  4 bats
  4 giant cockroaches
  5 hobgoblins (D:2)
  A quokka (D:3)
  2 frilled lizards (D:1)
  14 goblins
  A jackal skeleton (D:4)
  2 kobolds
  4 rats
  A spectral orc (D:2)
58 creatures vanquished.

Notes
Turn   | Place    | Note
-------+----------+-------------------------------------------
     0 | D:1      | Ijustatesigmund the Draconian Conjurer began the quest for the Orb.
     0 | D:1      | Reached XP level 1. HP: 14/14 MP: 3/3
   100 | D:1      | Reached skill level 1 in Fighting
   160 | D:1      | Reached XP level 2. HP: 22/23 MP: 0/5
   829 | D:2      | Learned a level 2 spell: Searing Ray
   845 | D:2      | Reached XP level 3. HP: 30/30 MP: 0/6
  1436 | D:2      | Found a basalt altar of Yredelemnul.
  1757 | D:3      | Learned a level 3 spell: Dazzling Spray
  1765 | D:3      | Noticed Jessica
  1771 | D:3      | Killed Jessica
  1771 | D:3      | Reached XP level 4. HP: 28/38 MP: 4/8
  1862 | D:4      | Reached skill level 1 in Short Blades
  1890 | D:4      | Noticed an ogre
  2208 | D:3      | Reached XP level 5. HP: 20/45 MP: 3/10
  2496 | D:3      | Found a sparkling altar of Nemelex Xobeh.
  2679 | D:3      | Noticed Robin
  2692 | D:2      | Killed from afar by an orc wizard

Vault maps used:
D:1:      zelgadis_glass_arrival_small
D:2:      yredelemnul_forgotten_temple_becter, minmay_goblin_outpost
D:3:      nemelex_xobeh_ov_fountains_minmay, chequers_ecumenical_altar_twisty,
          serial_bayou_pond_e, uniq_jessica, uniq_robin
D:4:      lemuel_crystal_altar, serial_shops, shop_statue, shop, first_bread,
          minmay_crystal_room

Skill      XL: |  1  2  3  4  5 |
---------------+----------------+-----
Fighting       | 1 2 3 |  3.8
Spellcasting   | 3 |  3.5
Short Blades   | 1 2 |  2.1
Dodging        | |  1.7
Stealth        | |  1.7
Conjurations   | |  4.0

Action                   |  1- 3 |  4- 6 || total
-------------------------+-------+-------++-------
Melee: Dagger            |    83 |       ||    83
       Tailslap          |     5 |     1 ||     6
       Short sword       |     6 |    48 ||    54
Throw: Javelin           |     2 |     3 ||     5
 Cast: Magic Dart        |    73 |    12 ||    85
       Searing Ray       |     2 |       ||     2
       Dazzling Spray    |       |     7 ||     7
  Use: Scroll            |     5 |     2 ||     7
       Potion            |       |     4 ||     4
 Stab: Sleeping          |     1 |     1 ||     2
  Eat: Chunk             |     4 |     3 ||     7
Armor: Skin              |    33 |    17 ||    50
Dodge: Dodged            |    64 |    31 ||    95
